 Dungeon Crawl Stone Soup version 0.23.1-37-gaa34b87b72 (webtiles) character file.

Game seed: 18360612808414918098

1465 MisterOstroum the Archer (level 8, 0/61 HPs)
             Began as a Centaur Hunter on Mar 26, 2019.
             Was an Initiate of Okawaru.
             Slain by a black bear (8 damage)
             ... created by the rage of Trog
             ... on level 7 of the Dungeon.
             The game lasted 00:28:41 (6446 turns).

MisterOstroum the Archer (Centaur Hunter)           Turns: 6446, Time: 00:28:43

Health: 0/61       AC: 16    Str: 17    XL:     8   Next: 48%
Magic:  8/8        EV:  3    Int: 10    God:    Okawaru [......]
Gold:   288        SH:  0    Dex: 10    Spells: 7/7 levels left

rFire    . . .     SeeInvis .   b - +0 short sword
rCold    + . .     Gourm    .   (no shield)
rNeg     . . .     Faith    .   H - +1 chain mail {rC+}
rPois    .         Spirit   .   (no helmet)
rElec    .         Reflect  .   t - +0 cloak
rCorr    .         Harm     +   (no gloves)
MR       .....                  e - +3 centaur barding
Stlth    ..........             q - amulet of harm
HPRegen  0.20/turn              y - ring of wizardry
MPRegen  0.11/turn              x - ring of stealth

@: very quick
A: large, hooves 3, deformed body, speed 2, tough skin 3
a: Renounce Religion


You were on level 7 of the Dungeon.
You worshipped Okawaru.
Okawaru was noncommittal.
You were not hungry.

You visited 2 branches of the dungeon, and saw 9 of its levels.

You collected 288 gold pieces.

Inventory:

Hand Weapons
 a - a +1 shortbow
 b - a +0 short sword (weapon)
 u - a +0 hunting sling
Missiles
 h - 181 stones (quivered)
 E - a tomahawk
Armour
 e - a +3 centaur barding (worn)
 t - a +0 cloak (worn)
 H - a +1 chain mail of cold resistance (worn)
Jewellery
 g - an uncursed amulet of faith {unknown}
 j - a +3 amulet of reflection
 n - a +6 ring of intelligence
 q - an amulet of harm (around neck)
 x - a ring of stealth (right hand)
 y - a ring of wizardry (left hand)
Wands
 A - a wand of digging (5)
 C - a wand of enslavement (5)
 G - a wand of acid (4)
Scrolls
 c - a scroll of noise {unknown}
 i - 4 scrolls of identify
 k - 2 scrolls of magic mapping
 l - a scroll of enchant weapon {unknown}
 o - a scroll of teleportation {unknown}
 p - a scroll of amnesia
 r - a scroll of random uselessness {unknown}
 s - a scroll of immolation {unknown}
 v - 2 scrolls of remove curse
Potions
 m - a potion of degeneration {unknown}
 w - a potion of magic {unknown}
 z - 3 potions of agility {unknown}
 B - a potion of invisibility {unknown}
 F - 2 potions of curing {unknown}
Comestibles
 d - 4 chunks of flesh
 f - 5 rations


   Skills:
 * Level 2.1 Fighting
 - Level 14.0 Bows
 + Level 0.0 Armour
 + Level 1.3 Dodging
 - Level 0.4 Stealth


You had 7 spell levels left.
You didn't know any spells.
Your spell library contained the following spells:

 Spells                   Type           Power        Failure   Level  Hunger
 Corona                   Hex            #......      93%         1    ##.....
 Ensorcelled Hibernation  Hex/Ice        #.....       98%         2    ###....
 Confuse                  Hex            #.......     100%        3    ####...
 Dazzling Spray           Conj/Hex       #.....       100%        3    ####...
 Tukima's Dance           Hex            #.......     100%        3    ####...


Dungeon Overview and Level Annotations

Branches:
Dungeon (8/15)             Temple (1/1) D:5
   Lair: D:8-11

Altars:
Ashenzari
Cheibriados
Dithmenos
Elyvilon
Fedhas
Gozag
Hepliaklqana
Kikubaaqudgha
Makhleb
Nemelex Xobeh
Okawaru
Qazlal
Ru
Sif Muna
Trog
Vehumet
Wu Jian
Xom
Yredelemnul
Zin
The Shining One

Shops:
D:4 [

Annotations:
D:5 1 runed translucent door, Crazy Yiuf


Innate Abilities, Weirdness & Mutations

You have hooves in place of feet.
Armour fits poorly on your strangely shaped body.
You cover ground very quickly.
You have extremely tough skin. (AC +3)


Message History

You kill the orc!
Okawaru accepts your kill.
The black bear bites you but does no damage.
The black bear claws you.
* * * LOW HITPOINT WARNING * * *
The black bear claws you but does no damage.
An orc comes into view. It is wielding a +0 mace.
The orc shouts!
You hear a shout!
The orc hits you but does no damage.
An orc and an orc priest come into view.
The orc priest shouts!
The orc priest miscasts a cantrip.
There is a stone staircase leading down, spattered with blood here.
The black bear bites you.
* * * LOW HITPOINT WARNING * * *
The black bear claws you.
* * * LOW HITPOINT WARNING * * *
The black bear claws you but does no damage.
The black bear bites you!
You die...

#.# #.# ..
#.# #. #.#
#.##.###
#..#...#
#.#.#.#
..o###...#.#
....o....#.#
...####.o@.#
#..#h#<#
#...h#.#
##.###.#
#..h..#
#######


You could see a black bear (berserk), a hound, an orc priest and 2 orcs.

Vanquished Creatures
  Edmund (D:5)
  A sky beast (D:5)
  3 ogres
  A phantom (D:5)
  2 bullfrogs
  A scorpion (D:5)
  A wight (D:5)
  4 crimson imps
  3 hounds
  2 orc priests (D:6)
  2 orc wizards
  A bullfrog skeleton (D:5)
  An iguana (D:4)
  5 worker ants
  4 gnolls (D:4)
  8 adders
  A shadow imp (D:6)
  An ooze (D:3)
  An adder skeleton (D:4)
  2 worms
  2 dart slugs
  A leopard gecko (D:4)
  13 orcs
  4 giant cockroaches
  6 goblins
  3 hobgoblins
  3 jackals
  3 quokkas
  2 ball pythons
  6 bats
  3 frilled lizards
  4 kobolds
  A leopard gecko zombie (D:5)
  4 rats
  A plant (D:1)
101 creatures vanquished.

Notes
Turn   | Place    | Note
-------+----------+-------------------------------------------
     0 | D:1      | MisterOstroum the Centaur Hunter began the quest for the
                  | Orb.
     0 | D:1      | Reached XP level 1. HP: 17/17 MP: 1/1
   334 | D:1      | Reached XP level 2. HP: 24/24 MP: 2/2
   418 | D:1      | Reached skill level 6 in Bows
   959 | D:2      | Found a stormy altar of Qazlal.
  1300 | D:2      | Reached XP level 3. HP: 29/29 MP: 3/3
  2010 | D:3      | Reached skill level 7 in Bows
  2119 | D:3      | Reached XP level 4. HP: 35/36 MP: 4/4
  2620 | D:3      | HP: 1/36 [poisoned by an adder]
  2954 | D:4      | Learned a level 2 spell: Ensorcelled Hibernation
  3019 | D:4      | Reached skill level 8 in Bows
  3138 | D:4      | Reached XP level 5. HP: 15/41 MP: 5/5
  3175 | D:4      | Noticed an ogre
  3349 | D:4      | Killed an ogre
  3349 | D:4      | Reached skill level 9 in Bows
  3724 | D:4      | Reached XP level 6. HP: 48/48 MP: 6/6
  4001 | D:4      | Found Okloptoa's Antique Armour Shoppe.
  4110 | D:5      | Entered Level 5 of the Dungeon
  4110 | D:5      | Found a staircase to the Ecumenical Temple.
  4150 | D:5      | Reached skill level 10 in Bows
  4242 | Temple   | Entered the Ecumenical Temple
  4437 | Temple   | Became a worshipper of Trog the Wrathful
  4522 | D:5      | Noticed a sky beast
  4566 | D:5      | Killed a sky beast
  4566 | D:5      | Reached skill level 11 in Bows
  4566 | D:5      | Reached XP level 7. HP: 55/55 MP: 7/7
  4733 | D:5      | Noticed Edmund
  4828 | D:5      | Killed Edmund
  4828 | D:5      | Reached skill level 12 in Bows
  5277 | D:5      | Reached * piety under Trog
  5350 | D:5      | Found a runed translucent door.
  5350 | D:5      | Noticed Crazy Yiuf
  5503 | D:5      | Reached XP level 8. HP: 57/61 MP: 8/8
  5632 | D:5      | Found an iron altar of Okawaru.
  5644 | D:5      | Fell from the grace of Trog
  5644 | D:5      | Became a worshipper of Warmaster Okawaru
  5855 | D:6      | Reached skill level 13 in Bows
  6300 | D:5      | Reached skill level 14 in Bows
  6391 | D:5      | Noticed a polar bear
  6391 | D:5      | Noticed a polar bear
  6391 | D:5      | Noticed a polar bear
  6397 | D:6      | Found an ancient bone altar of Kikubaaqudgha.
  6446 | D:7      | Slain by a black bear

Skill      XL: |  1  2  3  4  5  6  7  8 |
---------------+-------------------------+-----
Bows           | 6 7 8 9 11 12 14 | 14.0
Fighting       | |  2.1
Dodging        | |  1.3
Stealth        | |  0.4

Action                   |  1- 3 |  4- 6 |  7- 9 || total
-------------------------+-------+-------+-------++-------
Melee: Short sword       |    43 |    56 |    48 ||   147
       Kick              |    12 |    11 |    12 ||    35
       Shortbow          |     1 |       |       ||     1
 Fire: Shortbow          |   106 |    99 |   159 ||   364
       Hunting sling     |     3 |       |       ||     3
Throw: Stone             |    11 |     9 |    15 ||    35
  Use: Scroll            |       |     6 |       ||     6
 Stab: Sleeping          |       |     1 |       ||     1
  Eat: Chunk             |     2 |     1 |       ||     3
       Ration            |       |     2 |     1 ||     3
Armor: Leather armour    |    13 |    26 |       ||    39
       Chain mail        |       |    14 |   105 ||   119
Dodge: Dodged            |     7 |    22 |    19 ||    48
Block: Other             |     5 |       |       ||     5
